 Dungeon Crawl Stone Soup version 0.30-b1-2-g02819fbbbe (webtiles) character file.

Game seed: 4590323099913504486

55755 maniek23 the Skirmisher (level 14, -21/81 (99) HPs)
             Began as a Gnoll Hunter on July 24, 2023.
             Was a High Priest of Hepliaklqana.
             Killed from afar by a Hell Sentinel (37 damage)
             ... with damnation
             ... on level 2 of the Abyss.
             The game lasted 01:44:54 (18049 turns).

maniek23 the Skirmisher (Gnoll Hunter)             Turns: 18049, Time: 01:44:55

HP:   -21/81 (99)   AC: 15    Str: 11    XL:     14   Next: 78%
MP:   27/27         EV: 33    Int: 10    God:    Hepliaklqana [*****.]
Gold: 1060          SH:  0    Dex: 19    Spells: 26/32 levels left

rFire   . . .        a - +7 quarterstaff of Compassion {heavy, rCorr SInv Stlth+}
rCold   . . .        (shield currently unavailable)
rNeg    + . .        F - +1 troll leather armour {Snorg}
rPois   .            D - +0 helmet
rElec   .            L - +2 cloak of Xaotann {*Corrode rN+ Slay+2}
rCorr   +            y - +2 pair of gloves {hurl}
SInv    +            (no boots)
Will    +....        s - amulet of Jivoniad {Acrobat +Inv}
Stlth   +++++        Y - ring of resist corrosion
HPRegen 0.00/turn    n - +4 ring of slaying
MPRegen 0.20/turn

%: corrode self (3%), acrobat
@: about to teleport, acrobatic, sick, very slightly contaminated, heavily
drained, invisible
A: reduced essence, fangs 1, strong nose, distributed training
a: Renounce Religion, Evoke Invisibility, Recall Ancestor, Ancestor Identity,
Transference, Idealise


You were on level 2 of the Abyss.
You worshipped Hepliaklqana.
Hepliaklqana was extremely pleased with you.
You visited 4 branches of the dungeon, and saw 19 of its levels.
You visited the Abyss 1 time.
You also visited: Sewer and Ossuary.

You collected 1186 gold pieces.
You spent 126 gold pieces at shops.

Inventory:

Hand Weapons
 a - the +7 quarterstaff of Compassion (weapon) {heavy, rCorr SInv Stlth+}
   (You found it on level 10 of the Dungeon)

   SInv:      It lets you see invisible.
   rCorr:     It protects you from acid and corrosion.
   Stlth:     It makes you more stealthy.
 b - a +0 shortbow of freezing
 O - the +6 morningstar "Tabamuv" {flame, rElec rN+ SInv}
   (You found it on level 3 of the Dungeon)

   rElec:     It insulates you from electricity.
   rN:        It protects you from negative energy.
   SInv:      It lets you see invisible.
Missiles
 R - 4 silver boomerangs
 V - 4 javelins
Armour
 y - a +2 pair of gloves of hurling (worn)
 D - a +0 helmet (worn)
 F - a +1 troll leather armour (worn) {Snorg}
 L - the +2 cloak of Xaotann (worn) {*Corrode rN+ Slay+2}
   (You found it on level 4 of the Dungeon)

   Slay:      It affects your accuracy & damage with ranged weapons and melee
   (+2).
   rN:        It protects you from negative energy.
   *Corrode:  It may corrode you when you take damage.
Jewellery
 c - a +6 ring of strength
 d - a ring of flight
 f - the ring "Citretic" {rC+ rN+}
   (You took it off a centaur on level 11 of the Dungeon)

   [ring of protection from cold]

   rC:        It protects you from cold.
   rN:        It protects you from negative energy.
 i - a +6 ring of strength
 n - a +4 ring of slaying (right hand)
 o - a ring of willpower
 s - the amulet of Jivoniad (around neck) {Acrobat +Inv}
   (You acquired it on level 5 of the Lair of Beasts)

   [amulet of the acrobat]

   It increases your evasion while moving and waiting.
   +Inv:      It lets you turn invisible.
 t - a ring of protection from cold
 S - a +4 ring of protection
 Y - a ring of resist corrosion (left hand)
Wands
 H - a wand of mindburst (13)
 X - a wand of flame (14)
Scrolls
 g - 2 scrolls of immolation
 h - 5 scrolls of magic mapping
 j - a scroll of brand weapon
 k - 6 scrolls of teleportation
 p - 3 scrolls of enchant weapon
 q - 6 scrolls of fear
 u - 3 scrolls of vulnerability
 E - a scroll of silence
 G - a scroll of fog {unknown}
 I - 3 scrolls of summoning
 J - a scroll of identify
 K - 3 scrolls of blinking
 M - 2 scrolls of noise
 P - 2 scrolls of poison
 Q - a scroll of torment {unknown}
Potions
 e - 4 potions of haste
 l - 8 potions of brilliance
 m - 5 potions of heal wounds
 r - 4 potions of curing
 v - 3 potions of mutation
 w - a potion of experience
 x - 3 potions of cancellation
 z - a potion of invisibility
 A - 4 potions of magic
 B - 2 potions of resistance
 C - 3 potions of might
 N - a potion of ambrosia {unknown}
 U - 4 potions of lignification
 W - a potion of attraction
 Z - 3 potions of flight
Miscellaneous
 T - a piece from Xom's chessboard (15/15)


   Skills:
 + Level 10.9 Fighting
 + Level 9.9 Short Blades
 + Level 9.9 Long Blades
 + Level 9.9 Axes
 + Level 9.9 Maces & Flails
 + Level 9.9 Polearms
 + Level 9.9 Staves
 + Level 12.8 Ranged Weapons
 + Level 9.9 Throwing
 + Level 9.9 Armour
 + Level 10.9 Dodging
 + Level 10.2 Stealth
 + Level 9.9 Shields
 + Level 9.9 Unarmed Combat
 + Level 9.9 Spellcasting
 + Level 8.2 Conjurations
 + Level 8.2 Hexes
 + Level 8.2 Summonings
 + Level 8.2 Necromancy
 + Level 8.2 Translocations
 + Level 8.2 Transmutations
 + Level 8.2 Fire Magic
 + Level 8.2 Ice Magic
 + Level 8.2 Air Magic
 + Level 8.2 Earth Magic
 + Level 8.2 Poison Magic
 + Level 10.7 Invocations
 + Level 9.9 Evocations


You had 26 spell levels left.
You knew the following spells:

 Your Spells              Type           Power      Damage    Failure   Level
a - Slow                  Hex            84%        N/A       1%          1
b - Blink                 Tloc           42%        N/A       1%          2
c - Teleport Other        Tloc           21%        N/A       1%          3

Your spell library contained the following spells:

 Spells                   Type           Power      Damage    Failure   Level
 Lesser Beckoning         Tloc           42%        N/A       1%          2
 Momentum Strike          Conj/Tloc      42%        3d9       1%          2
 Searing Ray              Conj           42%        2d6       1%          2
 Confusing Touch          Hex            21%        N/A       1%          3
 Gell's Gravitas          Tloc           21%        N/A       1%          3
 Ignite Poison            Fire/Tmut/Pois 21%        N/A       1%          3
 Inner Flame              Hex/Fire       21%        N/A       1%          3
 Stone Arrow              Conj/Erth      42%        3d9       1%          3
 Tukima's Dance           Hex            21%        N/A       1%          3
 Vampiric Draining        Necr           21%        2d7       1%          3
 Anguish                  Hex/Necr       10%        N/A       5%          4
 Cause Fear               Hex            10%        N/A       5%          4
 Iskenderun's Mystic Bla  Conj/Tloc      21%        2d6       5%          4
 Passage of Golubria      Tloc           21%        N/A       5%          4
 Sticky Flame             Conj/Fire      21%        2d4       5%          4
 Yara's Violent Unravell  Hex/Tmut       10%        3d6       16%         5
 Dispersal                Tloc           10%        N/A       65%         6
 Enfeeble                 Hex            10%        N/A       99%         7
 Ignition                 Fire           10%        3d5       100%        8


Dungeon Overview and Level Annotations

Branches:
Dungeon (12/15)            Temple (1/1) D:6            Lair (5/5) D:9
 Shoals (0/4) Lair:2        Snake (0/4) Lair:3        Slime (1/5) Lair:5
    Orc (0/2) D:10          Sewer (visited)         Ossuary (visited)

Altars:
Ashenzari
Cheibriados
Dithmenos
Elyvilon
Fedhas
Gozag
Hepliaklqana
Kikubaaqudgha
Makhleb
Nemelex Xobeh
Okawaru
Qazlal
Ru
Sif Muna
Trog
Uskayaw
Vehumet
Wu Jian
Xom
Yredelemnul
Zin
The Shining One
Jiyva
Lugonu

Shops:
D:4 (   D:6 ?

Portals:
Abyss: Lair:5

Annotations:
D:8 2 transporters, diceflayer's ghost, novice DsHu
D:12 Erolcha
Lair:1 exclusion: oklob plant


Innate Abilities, Weirdness & Mutations

Your life essence is reduced to manifest your ancestor. (-10% HP)
You have very sharp teeth.
Your uncanny sense of smell can sniff out nearby items.
Your experience applies equally to all skills.


Message History

The small abomination is unaffected.
The Hell Sentinel is unaffected.
The large abomination is unaffected.
The small abomination completely misses you.
Nomusa blocks the large abomination's attack.
The Hell Sentinel hits Nomusa!! x2
Nomusa is destroyed!
The small abomination hits you.
You feel drained.
You fade into invisibility!
You are very lightly contaminated with residual magic.
The small abomination completely misses you.
An ancient zyme comes into view.
You feel yourself growing ill in the presence of the ancient zyme.
You feel ill.
As you read the scroll of teleportation, it crumbles to dust.
You feel strangely unstable.
You feel the power of the Abyss delaying your translocation!
The Hell Sentinel gestures at you.
The sphere of damnation explodes!
The damnation engulfs you!!!
Ouch! That really hurt!
* * * LOW HITPOINT WARNING * * *
You hear a chilling moan.
You feel much better.
The Hell Sentinel attacks as you move away!
The Hell Sentinel closely misses you.
The Hell Sentinel completely misses you.
The Hell Sentinel attacks as you move away!
The Hell Sentinel barely misses you.
The Hell Sentinel hits you but does no damage.
The Hell Sentinel attacks as you move away!
The Hell Sentinel hits you but does no damage.
The Hell Sentinel barely misses you. The Hell Sentinel gestures at you.
The iron shot hits you!!
* * * LOW HITPOINT WARNING * * *
The Hell Sentinel gestures at you. The iron shot misses you.
The Hell Sentinel gestures at you.
The sphere of damnation explodes!
The damnation engulfs you!!!
You die...

.... . . ......
...............#. X
..............# # .
........... .#
.x.............###.##...
......##......#.#....#
......##......#.@##.#
...................# ...
........1..#.#.#
#.#.#####.#..#####..#
#..# . .. ##.... #.# ..
###.# ##.#.# .# ##. # ##
. . ## . .#


You could see a Hell Sentinel.

Vanquished Creatures
  Snorg (D:10)
  Josephine (Lair:4)
  3 hydras
  A death knight (Abyss:2)
  2 two-headed ogres (D:10)
  2 boulder beetles (D:11)
  3 death yaks
  2 thrashing horrors
  Sonja (D:11)
  2 large abominations (Lair:5)
  Amaemon (Lair:1)
  2 ugly things
  A cyclops (D:11)
  2 elephants (Lair:5)
  3 black mambas
  An elephant (shapeshifter) (Lair:5)
  A torpor snail (Lair:4)
  16 cane toads
  An unseen horror (shapeshifter) (Lair:5)
  A smoke demon (Abyss:2)
  A gargoyle (D:11)
  An orange demon (Lair:1)
  4 rime drakes (Lair:5)
  4 komodo dragons
  A komodo dragon (shapeshifter) (D:3)
  A hornet (D:10)
  A polar bear (Lair:4)
  3 raiju (Abyss:2)
  13 blink frogs
  2 slime creatures
  A spriggan (Lair:5)
  A shadow (D:11)
  3 wraiths
  The ghost of Metae the Trooper, an amateur MiFi of Uskayaw (D:5)
  3 basilisks
  32 yaks
  7 small abominations
  2 chaos spawn (Lair:5)
  2 nagas (Lair:3)
  3 acid dragons
  14 water moccasins
  2 orc warriors
  2 black bears
  2 ogres
  6 wolves
  4 centaurs
  A kobold brigand (D:7)
  4 necrophages (D:10)
  16 bullfrogs
  6 wights
  Dowan (D:7)
  5 killer bees (D:10)
  8 howler monkeys
  A bullfrog zombie (Ossuary)
  4 centaur zombies
  3 hounds
  4 jellies
  8 orc priests
  2 human zombies
  A sleepcap (D:5)
  Crazy Yiuf (D:2)
  4 iguanas
  8 orc wizards
  2 mummies (D:10)
  A howler monkey zombie (D:10)
  4 gnolls
  13 adders
  A river rat (Sewer)
  A white imp (Abyss:2)
  An ufetubus (Abyss:2)
  A worm zombie (D:5)
  3 worms
  2 dart slugs (D:4)
  54 orcs
  23 endoplasms
  5 giant cockroaches
  4 gnoll zombies (Ossuary)
  6 goblins
  5 hobgoblins
  3 jackals (D:5)
  12 kobolds
  A quokka (D:1)
  11 ball pythons
  7 bats
  4 frilled lizards
  4 goblin zombies (Ossuary)
  3 hobgoblin zombies
  4 orc zombies (Ossuary)
  10 rats
  2 butterflies (Lair:5)
427 creatures vanquished.

Vanquished Creatures (collateral kills)
  An azure jelly (Slime:1)
  2 hydras
  A boulder beetle (Lair:3)
  A two-headed ogre (D:10)
  2 death yaks (Lair:2)
  A thrashing horror (Lair:5)
  3 ugly things (Lair:5)
  2 black mambas (Lair:5)
  An elephant (Lair:5)
  4 cane toads
  Maggie (D:7)
  3 komodo dragons
  A hellion (Abyss:2)
  An ancient zyme (Lair:5)
  2 rime drakes
  A troll (D:9)
  3 blink frogs
  A large abomination (Lair:5)
  A slime creature (Lair:5)
  10 yaks
  2 ynoxinuls (Lair:5)
  3 wraiths
  2 basilisks
  A neqoxec (Abyss:2)
  A naga (Lair:3)
  2 water moccasins
  Duvessa (D:7)
  A sky beast (D:7)
  An orc warrior (D:8)
  An ice beast (D:6)
  A wolf (Lair:4)
  2 small abominations
  4 wights (D:8)
  A killer bee (D:10)
  3 howler monkeys
  3 jellies (Lair:5)
  2 orc priests
  2 bullfrog zombies (Ossuary)
  A scorpion zombie (Ossuary)
  An iguana (Lair:3)
  2 orc wizards
  An ogre zombie (Ossuary)
  A howler monkey zombie (D:10)
  10 orcs
  2 goblin zombies (Ossuary)
  A butterfly (Lair:5)
94 creatures vanquished.

Vanquished Creatures (others)
  7 knights
  16 fungi
  20 plants
43 creatures vanquished.

Grand Total: 564 creatures vanquished

Notes
Turn   | Place    | Note
-------+----------+-------------------------------------------
     0 | D:1      | maniek23 the Gnoll Hunter began the quest for the Orb.
     0 | D:1      | Reached XP level 1. HP: 20/20 MP: 1/1
    57 | D:1      | Reached XP level 2. HP: 14/26 MP: 2/2
   342 | D:1      | Reached XP level 3. HP: 31/31 MP: 3/3
   356 | D:1      | Found Zuug Juo's Armour Emporium.
   561 | D:2      | Reached skill level 1 in Invocations
   614 | D:2      | Noticed a shining eye
   615 | D:2      | Found a faded altar of an unknown god.
   618 | D:2      | Noticed a golden eye
   618 | D:2      | Noticed a shining eye
   618 | D:2      | Noticed a golden eye
   769 | D:2      | Reached skill level 1 in Short Blades
   769 | D:2      | Reached skill level 1 in Long Blades
   769 | D:2      | Reached skill level 1 in Axes
   769 | D:2      | Reached skill level 1 in Maces & Flails
   769 | D:2      | Reached skill level 1 in Polearms
   769 | D:2      | Reached skill level 1 in Staves
   769 | D:2      | Reached skill level 1 in Throwing
   769 | D:2      | Reached skill level 1 in Armour
   769 | D:2      | Reached skill level 1 in Shields
   769 | D:2      | Reached skill level 1 in Unarmed Combat
   769 | D:2      | Reached skill level 1 in Spellcasting
   769 | D:2      | Reached skill level 1 in Evocations
   825 | D:2      | Reached XP level 4. HP: 38/38 MP: 5/5
  1001 | D:2      | Found a runed translucent door.
  1002 | D:2      | Noticed Crazy Yiuf
  1011 | D:2      | Killed Crazy Yiuf
  1012 | D:2      | Reached skill level 1 in Conjurations
  1012 | D:2      | Reached skill level 1 in Hexes
  1012 | D:2      | Reached skill level 1 in Summonings
  1012 | D:2      | Reached skill level 1 in Necromancy
  1012 | D:2      | Reached skill level 1 in Translocations
  1012 | D:2      | Reached skill level 1 in Transmutations
  1012 | D:2      | Reached skill level 1 in Fire Magic
  1012 | D:2      | Reached skill level 1 in Ice Magic
  1012 | D:2      | Reached skill level 1 in Air Magic
  1012 | D:2      | Reached skill level 1 in Earth Magic
  1012 | D:2      | Reached skill level 1 in Poison Magic
  1537 | D:3      | Reached XP level 5. HP: 43/43 MP: 5/7
  1609 | D:3      | Noticed an ogre
  1695 | D:3      | an orc changed into a shapeshifter
  1695 | D:3      | Noticed a shapeshifter (shapeshifter)
  1695 | D:3      | a shapeshifter changed into a komodo dragon
  1695 | D:3      | Noticed a komodo dragon (shapeshifter)
  1697 | D:3      | Killed a komodo dragon
  1698 | D:3      | Reached skill level 5 in Fighting
  1698 | D:3      | Reached skill level 5 in Dodging
  1698 | D:3      | Reached XP level 6. HP: 35/51 MP: 7/9
  1800 | D:3      | Reached XP level 7. HP: 40/56 MP: 10/10
  1975 | D:3      | Found a glowing drain.
  1984 | Sewer    | Entered a sewer
  2103 | Sewer    | Found a viscous altar of Jiyva.
  2510 | D:3      | Identified the +6 morningstar "Tabamuv" {flame, rElec rN+
                  | SInv}
  2723 | D:4      | Reached skill level 9 in Ranged Weapons
  2925 | D:4      | You are sucked into a shaft and drop 3 floors!
  2961 | D:7      | Reached XP level 8. HP: 27/63 MP: 12/12
  3210 | D:6      | Found a staircase to the Ecumenical Temple.
  3239 | Temple   | Entered the Ecumenical Temple
  3293 | Temple   | Became a worshipper of Hepliaklqana the Forgotten
  3446 | D:5      | Entered Level 5 of the Dungeon
  3511 | D:5      | Got Xoummeab's Collected Works on Fetching Conflict
  3645 | D:5      | Found a sand-covered staircase.
  3674 | Ossuary  | Entered an ossuary
  3731 | Ossuary  | Reached * piety under Hepliaklqana
  3837 | Ossuary  | Noticed a silent spectre
  3925 | D:4      | Found Boroust's Antique Weapon Shoppe.
  4210 | D:4      | Identified the +2 cloak of Xaotann {*Corrode rN+ Slay+2}
  4300 | D:5      | Reached XP level 9. HP: 62/62 MP: 14/14
  4410 | D:5      | Found a runed translucent door.
  4411 | D:5      | Noticed Metae's ghost (amateur MiFi)
  4423 | D:5      | Killed Metae's ghost
  4520 | D:5      | Found a snail-covered altar of Cheibriados.
  4765 | D:6      | Learned a level 1 spell: Slow
  4796 | D:6      | Reached skill level 5 in Stealth
  4844 | D:6      | Learned a level 2 spell: Blink
  4941 | D:6      | Found Goshuskye's Magic Scroll Shop.
  4957 | D:6      | Bought a scroll of teleportation for 42 gold pieces
  4957 | D:6      | Bought a scroll of identify for 28 gold pieces
  4957 | D:6      | Bought a scroll of fear for 56 gold pieces
  5147 | D:6      | Reached ** piety under Hepliaklqana
  5148 | D:6      | Remembered your ancestor Nomusa as a knight
  5259 | D:6      | Found a glowing silver altar of Zin.
  5462 | D:7      | Reached skill level 5 in Invocations
  5550 | D:7      | Noticed Duvessa
  5551 | D:7      | Noticed Dowan
  5557 | D:7      | Killed Duvessa
  5561 | D:7      | Killed Dowan
  5631 | D:7      | Noticed Maggie
  5645 | D:7      | Killed Maggie
  5842 | D:7      | Found a sacrificial altar of Ru.
  5859 | D:7      | Found a shimmering blue altar of Sif Muna.
  5864 | D:7      | Found an ancient bone altar of Kikubaaqudgha.
  5869 | D:7      | Found an iron altar of Okawaru.
  5872 | D:7      | Found a shimmering altar of Xom.
  5883 | D:7      | Found a burning altar of Makhleb.
  6121 | D:8      | Reached skill level 5 in Short Blades
  6121 | D:8      | Reached skill level 5 in Long Blades
  6121 | D:8      | Reached skill level 5 in Axes
  6121 | D:8      | Reached skill level 5 in Maces & Flails
  6121 | D:8      | Reached skill level 5 in Polearms
  6121 | D:8      | Reached skill level 5 in Staves
  6121 | D:8      | Reached skill level 5 in Throwing
  6121 | D:8      | Reached skill level 5 in Armour
  6121 | D:8      | Reached skill level 5 in Shields
  6121 | D:8      | Reached skill level 5 in Unarmed Combat
  6121 | D:8      | Reached skill level 5 in Spellcasting
  6121 | D:8      | Reached skill level 5 in Evocations
  6121 | D:8      | Reached XP level 10. HP: 69/69 MP: 17/17
  6182 | D:8      | Reached skill level 10 in Ranged Weapons
  6264 | D:8      | Noticed diceflayer's ghost (novice DsHu)
  6278 | D:8      | Noticed a moth of wrath
  6283 | D:8      | Found a transporter.
  6301 | D:8      | Found a white marble altar of Elyvilon.
  6305 | D:8      | Found a transporter.
  6634 | D:8      | Reached *** piety under Hepliaklqana
  7192 | D:9      | Found a staircase to the Lair.
  7625 | D:10     | Entered Level 10 of the Dungeon
  7690 | Lair:1   | Entered Level 1 of the Lair of Beasts
  7913 | Lair:1   | Noticed an oklob plant
  7957 | Lair:1   | Reached skill level 5 in Conjurations
  7957 | Lair:1   | Reached skill level 5 in Hexes
  7957 | Lair:1   | Reached skill level 5 in Summonings
  7957 | Lair:1   | Reached skill level 5 in Necromancy
  7957 | Lair:1   | Reached skill level 5 in Translocations
  7957 | Lair:1   | Reached skill level 5 in Transmutations
  7957 | Lair:1   | Reached skill level 5 in Fire Magic
  7957 | Lair:1   | Reached skill level 5 in Ice Magic
  7957 | Lair:1   | Reached skill level 5 in Air Magic
  7957 | Lair:1   | Reached skill level 5 in Earth Magic
  7957 | Lair:1   | Reached skill level 5 in Poison Magic
  7957 | Lair:1   | Reached XP level 11. HP: 76/76 MP: 20/20
  8664 | Lair:1   | Noticed Amaemon
  8708 | Lair:1   | Killed Amaemon
  8992 | Lair:2   | Reached **** piety under Hepliaklqana
  9010 | Lair:2   | Found a staircase to the Shoals.
  9026 | Lair:2   | Noticed a seven-headed hydra
  9032 | Lair:2   | Killed a seven-headed hydra
  9528 | Lair:2   | Reached skill level 11 in Ranged Weapons
  9967 | Lair:3   | Reached XP level 12. HP: 84/84 MP: 22/22
  9967 | Lair:3   | Found a staircase to the Snake Pit.
 10086 | Lair:3   | Noticed a boulder beetle
 10112 | Lair:3   | Killed a boulder beetle
 10462 | Lair:3   | Noticed a seven-headed hydra
 10466 | Lair:3   | Killed a seven-headed hydra
 10669 | Lair:3   | Noticed a death yak
 10669 | Lair:3   | Noticed a death yak
 10670 | Lair:3   | Noticed a death yak
 10670 | Lair:3   | Noticed a death yak
 10690 | Lair:3   | Killed a death yak
 10965 | Lair:3   | Learned a level 3 spell: Teleport Other
 10985 | Lair:3   | Noticed an eight-headed hydra
 10990 | Lair:3   | Killed an eight-headed hydra
 11286 | Lair:3   | Noticed a death yak
 11421 | Lair:3   | Killed a death yak
 11728 | Lair:2   | Killed a death yak
 11739 | Lair:2   | Killed a death yak
 11743 | Lair:2   | Killed a death yak
 11875 | Lair:4   | Reached XP level 13. HP: 90/90 MP: 25/25
 12026 | Lair:4   | Noticed Josephine
 12052 | Lair:4   | Killed Josephine
 12967 | Lair:4   | Reached skill level 12 in Ranged Weapons
 13199 | Lair:5   | Entered Level 5 of the Lair of Beasts
 13255 | Lair:5   | Found a runed translucent door.
 13257 | Lair:5   | Found a viscous altar of Jiyva.
 13287 | Lair:5   | Reached ***** piety under Hepliaklqana
 13517 | Lair:5   | Identified a scroll of acquirement
 13539 | Lair:5   | Found a staircase to the Slime Pits.
 13625 | Lair:5   | Reached skill level 10 in Fighting
 13625 | Lair:5   | Reached skill level 10 in Dodging
 14161 | Lair:5   | Reached XP level 14. HP: 99/99 MP: 27/27
 14169 | Lair:5   | Reached skill level 10 in Invocations
 14405 | Lair:5   | Found a corrupted altar of Lugonu.
 14405 | Lair:5   | Found a one-way gate to the infinite horrors of the Abyss.
 14873 | Slime:1  | Entered Level 1 of the Pits of Slime
 14873 | Slime:1  | Noticed an azure jelly
 14949 | Slime:1  | Killed an azure jelly
 15078 | Slime:1  | Noticed an acid blob
 15372 | D:10     | Acquired the amulet of Jivoniad {Acrobat +Inv}
 15543 | D:10     | Noticed Snorg
 15551 | D:10     | Killed Snorg
 15963 | D:10     | Found a staircase to the Orcish Mines.
 16166 | D:10     | Identified the +7 quarterstaff of Compassion {heavy, rCorr
                  | SInv Stlth+}
 16645 | D:10     | Found a basalt altar of Yredelemnul.
 16855 | D:11     | Reached skill level 10 in Stealth
 16919 | D:11     | Noticed Sonja
 16921 | D:11     | Killed Sonja
 17109 | D:11     | Identified the ring "Citretic" {rC+ rN+}
 17658 | D:12     | Noticed Erolcha
 17667 | Abyss:2  | Cast into level 2 of the Abyss (Erolcha)
 17763 | Abyss:2  | Noticed a brown very ugly thing
 17764 | Abyss:2  | Noticed a brown very ugly thing
 17766 | Abyss:2  | Noticed a brown very ugly thing
 17768 | Abyss:2  | Noticed a brown very ugly thing
 17771 | Abyss:2  | Noticed a brown very ugly thing
 17942 | Abyss:2  | Noticed a cyan very ugly thing
 17942 | Abyss:2  | Noticed a cyan very ugly thing
 17963 | Abyss:2  | Noticed a cyan very ugly thing
 17965 | Abyss:2  | Reached ****** piety under Hepliaklqana
 18020 | Abyss:2  | Noticed a Hell Sentinel
 18049 | Abyss:2  | Killed from afar by a Hell Sentinel

Illustrated notes

Levels and vault maps discovered:
D:1:      nzn_arrival_crosshair, layout_basic, serial_shops, shop, st_stairs_4,
          minmay_tall_x
D:2:      minmay_door_path, layout_basic,
          hellmonk_ecumenical_altar_watching_god, mrwooster_statue_mirror,
          minmay_distorted, uniq_crazy_yiuf_cottage
D:3:      layout_rooms, portal_sewer_entry_d, hangedman_decor_lopped
D:4:      layout_loops_ring, serial_shops, shop
D:5:      layout_cave_pools, mainiacjoe_overflow_surrounded_room,
          enter_ossuary_3, gammafunk_ghost_grave
D:6:      layout_loops_ring, zin_treasury, minmay_temple_entry_grid,
          serial_shops, nicolae_shop_window_shopping, minmay_strange_pillars,
          nicolae_kite_square_tiling_tiny
D:7:      cheibrodos_quashed, layout_loops_ring,
          nicolae_overflow_hallway_of_the_gods, uniq_maggie, uniq_duvessa
D:8:      layout_basic, mainiacjoe_overflow_cross_hatched,
          gammafunk_ghost_berserking_beasts
D:9:      layout_loops_ring, lair_entry_dummy
D:10:     layout_layer_cave, lemuel_mausoleum_altar_yredelemnul,
          hiddenorc1_lemuel, uniq_snorg
D:11:     layout_basic, uniq_sonja
D:12:     layout_irregular_city, serial_shops, shop_coins, uniq_erolcha
Temple:   nicolae_temple_godzebo
Lair:1:   layout_hall_layers, serial_bayou_shore_b, serial_bayou_shore_b,
          uniq_amaemon
Lair:2:   layout_cave_shapes, elwin_shoals_entry_rocks, beast_lair_carwin_10
Lair:3:   beast_lair_carwin_large_1, layout_cave_pods,
          guppyfry_snake_entry_garden, chequers_serial_rivers_small_a,
          grunt_megastairs_3, infiniplex_staircase_pool_2
Lair:4:   layout_regular_city, beast_lair_carwin_1, serial_bayou_shore_b,
          uniq_josephine
Lair:5:   hellmonk_lair_end_abyssal_woods, layout_loops_ring, slime_entry_2,
          grunt_megastairs_1, lemuel_fruit_fields
Slime:1:  layout_caves
Abyss:2:  base: Zot:5, hangedman_abyss_or_decor_passed, due_exit_kobolds

Skill      XL: |  1  2  3  4  5  6  7  8  9 10 11 12 13 14 |
---------------+-------------------------------------------+-----
Invocations    | 1 2 3 4 5 6 7 8 9 10 | 10.7
Short Blades   | 1 2 3 5 6 7 8 9 |  9.9
Long Blades    | 1 2 3 5 6 7 8 9 |  9.9
Axes           | 1 2 3 5 6 7 8 9 |  9.9
Maces & Flails | 1 2 3 5 6 7 8 9 |  9.9
Polearms       | 1 2 3 5 6 7 8 9 |  9.9
Staves         | 1 2 3 5 6 7 8 9 |  9.9
Throwing       | 1 2 3 5 6 7 8 9 |  9.9
Armour         | 1 2 3 5 6 7 8 9 |  9.9
Shields        | 1 2 3 5 6 7 8 9 |  9.9
Unarmed Combat | 1 2 3 5 6 7 8 9 |  9.9
Spellcasting   | 1 2 3 5 6 7 8 9 |  9.9
Evocations     | 1 2 3 5 6 7 8 9 |  9.9
Conjurations   | 1 2 3 4 5 6 7 8 |  8.2
Hexes          | 1 2 3 4 5 6 7 8 |  8.2
Summonings     | 1 2 3 4 5 6 7 8 |  8.2
Necromancy     | 1 2 3 4 5 6 7 8 |  8.2
Translocations | 1 2 3 4 5 6 7 8 |  8.2
Transmutations | 1 2 3 4 5 6 7 8 |  8.2
Fire Magic     | 1 2 3 4 5 6 7 8 |  8.2
Ice Magic      | 1 2 3 4 5 6 7 8 |  8.2
Air Magic      | 1 2 3 4 5 6 7 8 |  8.2
Earth Magic    | 1 2 3 4 5 6 7 8 |  8.2
Poison Magic   | 1 2 3 4 5 6 7 8 |  8.2
Fighting       | 5 6 7 8 9 10 | 10.9
Dodging        | 5 6 7 8 9 10 | 10.9
Stealth        | 3 4 5 6 7 8 9 10 | 10.2
Ranged Weapons | 9 10 11 12 | 12.8

Action                     |  1- 3 |  4- 6 |  7- 9 | 10-12 | 13-15 || total
---------------------------+-------+-------+-------+-------+-------++-------
  Melee: Short sword       |     5 |     5 |       |       |       ||    10
         Bite              |       |     8 |     6 |    20 |    15 ||    49
         Punch             |       |     1 |     2 |     5 |    12 ||    20
         Quarterstaff      |       |    25 |     3 |       |    30 ||    58
         Morningstar       |       |       |    73 |   134 |    93 ||   300
   Fire: Shortbow          |    68 |    53 |   345 |   372 |   621 ||  1459
  Throw: Dart              |       |       |     4 |       |     4 ||     8
         Boomerang         |       |       |       |     9 |       ||     9
         Javelin           |       |       |       |     2 |       ||     2
   Cast: Slow              |       |       |       |     2 |       ||     2
         Blink             |       |       |       |     4 |     6 ||    10
         Teleport Other    |       |       |       |       |     1 ||     1
 Invoke: Ancestor Life: Kn |       |       |     1 |       |       ||     1
         Idealise          |       |       |       |     1 |     3 ||     4
         Recall Ancestor   |       |       |       |       |     1 ||     1
Ability: Evoke Invisibilit |       |       |       |       |     2 ||     2
    Use: Scroll            |       |       |    10 |     1 |    22 ||    33
         Potion            |       |       |     1 |     3 |     7 ||    11
   Stab: Sleeping          |       |       |     1 |       |     6 ||     7
         Distracted        |       |       |       |     5 |     1 ||     6
 Armour: Leather armour    |     3 |     8 |    27 |       |       ||    38
         Steam dragon scal |       |       |       |    55 |    44 ||    99
         Troll leather arm |       |       |       |       |    29 ||    29
         Scale mail        |       |       |       |       |    17 ||    17
         Skin              |       |       |       |       |     1 ||     1
  Dodge: Dodged            |    14 |    47 |   102 |   159 |   259 ||   581
